 Dungeon Crawl Stone Soup version 0.28.0-43-g3370ac3207 (webtiles) character file.

Game seed: 400845185990249628

1628 issech the Cudgeller (level 8, -5/71 HPs)
             Began as a Troll Monk on Mar 27, 2022.
             Was a Believer of Hepliaklqana.
             Killed from afar by Maggie (27 damage)
             ... with a bolt of fire
             ... on level 6 of the Dungeon.
             The game lasted 00:14:39 (4319 turns).

issech the Cudgeller (Troll Monk)                   Turns: 4319, Time: 00:14:41

Health: -5/71      AC:  8    Str: 20    XL:     8   Next: 65%
Magic:  7/7        EV:  9    Int:  6    God:    Hepliaklqana [**....]
Gold:   257        SH: 13    Dex: 20    Spells: 7/7 levels left

rFire   . . .      SeeInvis .   n - +0 flail
rCold   . . .      Faith    .   D - +0 tower shield
rNeg    . . .      Spirit   .   b - +0 robe
rPois   .          Reflect  .   (helmet restricted)
rElec   .          Harm     .   (no cloak)
rCorr   .          Rampage  .   (gloves unavailable)
Will    .....                   (boots unavailable)
Stlth   ++........              (no amulet)
HPRegen 1.01/turn               E - +6 ring of dexterity
MPRegen 0.10/turn               r - +4 ring of protection

@: mesmerised
A: reduced essence, large, unfitting armour, claws 3, regeneration 1, shaggy fur
1, tough skin 1
a: Renounce Religion, Recall Ancestor, Ancestor Identity


You were on level 6 of the Dungeon.
You worshipped Hepliaklqana.
Hepliaklqana was pleased with you.
You visited 2 branches of the dungeon, and saw 7 of its levels.

You collected 257 gold pieces.

Inventory:

Hand Weapons
 a - a +0 mace
 n - a +0 flail (weapon)
 u - a +2 battleaxe of draining
 x - a +1 dagger of speed
 y - a +0 giant club
 F - a +0 shortbow
 H - a +3 hand axe of freezing
 I - a +2 short sword
Missiles
 e - 32 bolts
 h - 169 stones (quivered)
 i - 84 arrows
 q - 29 sling bullets
Armour
 b - a +0 robe (worn)
 D - a +0 tower shield (worn)
Magical Staves
 d - a staff of earth
 j - a staff of conjuration
 m - a staff of cold
Jewellery
 p - a ring of see invisible
 r - a +4 ring of protection (right claw)
 E - a +6 ring of dexterity (left claw)
Scrolls
 c - a scroll of noise
 g - a scroll of amnesia
 k - 2 scrolls of holy word
 o - 2 scrolls of identify
 s - a scroll of silence {unknown}
 w - 2 scrolls of teleportation
 A - a scroll of fog {unknown}
 B - a scroll of brand weapon {unknown}
 C - a scroll of vulnerability {unknown}
 G - a scroll of fear {unknown}
Potions
 f - 2 potions of lignification {unknown}
 l - a potion of ambrosia {unknown}
 t - a potion of brilliance {unknown}
 v - 2 potions of flight {unknown}
 z - 2 potions of curing


   Skills:
 + Level 4.6 Fighting
 + Level 7.5 Maces & Flails
 + Level 0.4 Throwing
 + Level 4.5 Dodging
 + Level 2.0 Stealth
 + Level 1.9 Shields


You had 7 spell levels left.
You didn't know any spells.
Your spell library contained the following spells:

 Spells                   Type           Power      Damage    Failure   Level
 Summon Small Mammal      Summ           0%         N/A       98%         1
 Call Canine Familiar     Summ           0%         N/A       100%        3
 Gell's Gravitas          Tloc           0%         N/A       100%        3
 Lesser Beckoning         Tloc           0%         N/A       100%        3
 Summon Guardian Golem    Hex/Summ       0%         N/A       100%        3
 Teleport Other           Tloc           0%         N/A       100%        3
 Chain Lightning          Conj/Air       0%         N/A       100%        9
 Fire Storm               Conj/Fire      0%         5d1       100%        9
 Shatter                  Erth           0%         3d5*      100%        9


Dungeon Overview and Level Annotations

Branches:
Dungeon (6/15)             Temple (1/1) D:4

Altars:
Ashenzari
Cheibriados
Dithmenos
Elyvilon
Fedhas
Gozag
Hepliaklqana
Kikubaaqudgha
Makhleb
Okawaru
Qazlal
Ru
Sif Muna
Trog
Uskayaw
Vehumet
Wu Jian
Xom
Yredelemnul
Zin
The Shining One

Annotations:
D:6 Maggie


Innate Abilities, Weirdness & Mutations

Your life essence is reduced to manifest your ancestor. (-10% HP)
You are too large for most types of armour.
You have claws for hands.
Your natural rate of healing is unusually fast.
You are covered in fur. (AC +1)
You have tough skin. (AC +1)


Message History

Maggie is moderately wounded.
Maggie hits you with a +1 long sword of holy wrath.
Numeria points at Maggie and mumbles some strange words.
The stone arrow hits Maggie!
Maggie mumbles some strange words.
Maggie attempts to bespell you!
You are mesmerised by Maggie!
You hit Maggie but do no damage.
Maggie is heavily wounded.
Maggie closely misses you.
You barely miss Maggie.
Maggie is heavily wounded.
Maggie hits you with a +1 long sword of holy wrath!
You closely miss Maggie.
Maggie is heavily wounded.
Maggie hits you with a +1 long sword of holy wrath!
Maggie closely misses you.
You sock Maggie!
Maggie is severely wounded.
Maggie casts a spell at you. The bolt of fire hits you!!
* * * LOW HITPOINT WARNING * * *
The bolt of fire hits Numeria!
Numeria resists.
You barely miss Maggie.
Maggie is severely wounded.
You block Maggie's attack. Maggie barely misses you.
You hit Maggie but do no damage.
Maggie is severely wounded.
Maggie barely misses you.
You cannot move away from Maggie!
Unknown command.
You cannot move away from Maggie!
You hit Maggie but do no damage.
Maggie is severely wounded.
Numeria casts a spell at Maggie.
The stone arrow hits Maggie.
Maggie casts a spell at Numeria.
The bolt of fire hits you!!
You die...

.................#
.............#####
.............#
.............#
.........##.##
.............#
.......#.....##
.†.....###....##########***
.......# ###...R@@......,,*
.....### #############*,*
.....# *,* .....# *****,**
#....# *,,,,,,* ##..##
*,****,**** ##.#
*,,,,,,,,,* ### *,,,,,,≈,,*
*,,,,≈≈,≈≈*


You could see the friendly Numeria the battlemage and Maggie (mesmerising, ally
target).

Vanquished Creatures
  A black bear (D:2)
  An ice beast (D:5)
  3 ogres
  A necrophage (D:3)
  3 scorpions
  A wight (D:5)
  An orc priest (D:4)
  3 iguanas (D:4)
  An orc wizard (D:3)
  A killer bee zombie (D:5)
  5 adders
  A gnoll (D:1)
  2 worms (D:2)
  A dart slug (D:2)
  13 orcs
  4 endoplasms
  3 giant cockroaches
  5 goblins
  2 hobgoblins
  4 kobolds
  5 quokkas
  9 ball pythons
  7 bats
  4 frilled lizards
  4 rats
85 creatures vanquished.

Vanquished Creatures (collateral kills)
  A steam dragon (D:6)
  A sky beast (D:6)
  A centaur (D:4)
  A phantom (D:5)
  2 wights (D:5)
  A hound (D:5)
  3 iguanas
  A white imp (D:6)
  An ufetubus (D:4)
  2 orcs (D:5)
14 creatures vanquished.

Vanquished Creatures (others)
  2 plants (D:4)
2 creatures vanquished.

Grand Total: 101 creatures vanquished

Notes
Turn   | Place    | Note
-------+----------+-------------------------------------------
     0 | D:1      | issech the Troll Monk began the quest for the Orb.
     0 | D:1      | Reached XP level 1. HP: 22/22 MP: 0/0
   147 | D:1      | Reached XP level 2. HP: 29/29 MP: 1/1
   215 | D:1      | Reached skill level 3 in Maces & Flails
   320 | D:1      | Reached XP level 3. HP: 36/36 MP: 2/2
   856 | D:2      | Found a faded altar of an unknown god.
  1127 | D:3      | Noticed a necrophage
  1132 | D:3      | Noticed a black bear
  1141 | D:3      | Killed a necrophage
  1142 | D:3      | Reached skill level 4 in Maces & Flails
  1142 | D:3      | Reached XP level 4. HP: 25/45 MP: 3/3
  1142 | D:3      | Reached XP level 5. HP: 30/53 MP: 4/4
  1738 | D:2      | Killed a black bear
  1739 | D:2      | Reached XP level 6. HP: 39/61 MP: 5/5
  1970 | D:4      | Reached skill level 5 in Maces & Flails
  2224 | D:4      | Reached XP level 7. HP: 54/68 MP: 6/6
  2355 | D:4      | Found a staircase to the Ecumenical Temple.
  2376 | Temple   | Entered the Ecumenical Temple
  2572 | Temple   | Became a worshipper of Hepliaklqana the Forgotten
  2572 | Temple   | Reached * piety under Hepliaklqana
  2572 | Temple   | Reached ** piety under Hepliaklqana
  2573 | Temple   | Remembered your ancestor Numeria as a battlemage
  2803 | D:4      | You fall into a shaft and drop 2 floors!
  2844 | D:5      | Entered Level 5 of the Dungeon
  2909 | D:4      | Reached skill level 6 in Maces & Flails
  3692 | D:5      | Reached XP level 8. HP: 58/70 MP: 7/7
  3694 | D:5      | Reached skill level 1 in Shields
  3835 | D:5      | Reached skill level 7 in Maces & Flails
  3937 | D:5      | Found a blossoming altar of Fedhas.
  4304 | D:6      | Noticed Maggie
  4319 | D:6      | Killed from afar by Maggie

Illustrated notes

Levels and vault maps discovered:
D:1:      minmay_arrival_solitary_statue, layout_rooms
D:2:      layout_rooms, nicolae_ecumenical_lake_church
D:3:      layout_basic
D:4:      layout_basic, minmay_temple_entry_overgrown
D:5:      layout_basic, fedhas_altar_4
D:6:      layout_cave_pools, gammafunk_ghost_smash, portal_sewer_entry_e,
          uniq_maggie
Temple:   mainiacjoe_temple_big_plus

Skill      XL: |  1  2  3  4  5  6  7  8 |
---------------+-------------------------+-----
Maces & Flails | 3 4 5 6 7 |  7.5
Fighting       | 3 4 |  4.6
Dodging        | 3 4 |  4.5
Shields        | 1 |  1.9
Stealth        | 2 |  2.0
Throwing       | |  0.4

Action                   |  1- 3 |  4- 6 |  7- 9 || total
-------------------------+-------+-------+-------++-------
Melee: Mace              |   129 |    50 |       ||   179
       Flail             |       |    94 |    74 ||   168
       Punch             |       |     3 |       ||     3
       Giant club        |       |       |    21 ||    21
Throw: Stone             |       |     3 |       ||     3
Invok: Recall Ancestor   |       |       |     1 ||     1
       Ancestor Life: Ba |       |       |     1 ||     1
  Use: Scroll            |       |       |     6 ||     6
 Stab: Sleeping          |     1 |       |     1 ||     2
       Distracted        |       |       |     2 ||     2
Armor: Robe              |    60 |    61 |    32 ||   153
Dodge: Dodged            |    81 |    87 |    37 ||   205
Block: Tower shield      |       |       |    49 ||    49
